cohdb
Replays
Latest Replays
All Replays
Popular Replays
Top Player Replays
Match Explorer
How It Works
Community
CoH3 Stats
Reddit
Sign in to upload your games and track your stats! →
Sign in with Steam
Match 41437986
Unlisted
Match 41437986
Overview
Messages
Build Orders
End
Royal Engineer Section
Construct Section Command Post
Infantry Section
Dingo Light Scout Car
Infantry Section
Construct Platoon Command Post
Humber Armored Car
Selects Indian Artillery Battlegroup
Selects Valour
Selects Gurkha Rifles Section
Gurkha Rifles Section
Construct Field Infirmary
Infantry Training
6-pounder Anti-tank Gun Team
Grenade Package
Selects Volunteer Infantry
6-pounder Anti-tank Gun Team
Gurkha Rifles Section
Construct Company Command Post
Foot Guards Section
Crusader II Medium Tank
Crusader II Medium Tank
Selects Artillery Saturation
Selects Off-map Airburst Barrage
Selects Perimeter Monitor
Crusader II Medium Tank
Gurkha Rifles Section
KOPA
BIOHAZARD
0
0
Comments
sign in to comment!
No comments posted yet!